 Dungeon Crawl Stone Soup version 0.28-a0-662-g1651b1f1e0 (webtiles) character file.

Game seed: 7441040457592053335

43312 ytrimaz the Tortoise (level 13, -8/114 HPs)
             Began as a Minotaur Berserker on Oct 14, 2021.
             Was a High Priest of Trog.
             Mangled by a white ugly thing (28 damage)
             ... on level 15 of the Dungeon.
             The game lasted 00:22:57 (17264 turns).

ytrimaz the Tortoise (Minotaur Berserker)          Turns: 17264, Time: 00:22:57

Health: -8/114     AC: 15    Str: 24    XL:     13   Next: 90%
Magic:  12/12      EV: 14    Int:  4    God:    Trog [*****.]
Gold:   572        SH:  5    Dex: 11    Spells: 12/12 levels left

rFire   + + .      SeeInvis .   o - +1 mace (holy)
rCold   x . .      Faith    .   (no shield)
rNeg    . . .      Spirit   .   v - +0 fire dragon scales
rPois   .          Reflect  +   (helmet restricted)
rElec   .          Harm     .   (no cloak)
rCorr   +          Rampage  .   F - +0 pair of gloves
Will    .....      Clarity  +   (no boots)
Stlth   ..........              u - amulet of reflection
HPRegen 0.00/turn               c - +4 ring of evasion
MPRegen 0.13/turn               s - ring of resist corrosion

@: inhibited regen
A: horns 2, retaliatory headbutt, talons 1, clarity, frail 1, inhibited
regeneration, weak 1, wild magic 1
a: Renounce Religion, Berserk, Trog's Hand, Brothers in Arms


You were on level 15 of the Dungeon.
You worshipped Trog.
Trog was extremely pleased with you.
You visited 2 branches of the dungeon, and saw 16 of its levels.
You also visited: Ossuary and Gauntlet.

You collected 1148 gold pieces.
You spent 576 gold pieces at shops.

Inventory:

Hand Weapons
 e - the +4 dire flail of the Revolution {vamp, Will+}
   (You bought it in a shop on level 9 of the Dungeon)

   It occasionally heals its wielder for a portion of the damage dealt when it
   wounds a living foe.
   Will:      It increases your willpower.
 l - a +1 war axe
 o - a +1 mace of holy wrath (weapon)
 q - a +0 antimagic broad axe
 L - a +1 vorpal flail
Armour
 v - +0 fire dragon scales (worn)
 F - a +0 pair of gloves (worn)
 M - a +0 plate armour
Jewellery
 c - a +4 ring of evasion (left hand)
 s - a ring of resist corrosion (right hand)
 u - an amulet of reflection (around neck)
 J - a +6 ring of intelligence
 O - an amulet of the acrobat
 P - the ring of Derase {Fire Will+}
   (You found it on level 14 of the Dungeon)

   [ring of fire]

   It enhances your fire magic.
   rF:        It protects you from fire.
   rC:        It makes you vulnerable to cold.
   Will:      It increases your willpower.
Wands
 a - a wand of flame (26)
 i - a wand of acid (16)
 r - a wand of paralysis (20)
 x - a wand of polymorph (23)
 B - a wand of mindburst (16)
 C - a wand of digging (12)
 E - a wand of iceblast (12)
 I - a wand of charming (7)
Scrolls
 b - 11 scrolls of teleportation
 j - 3 scrolls of fog
 n - a scroll of amnesia
 w - 3 scrolls of enchant armour {unknown}
 y - a scroll of fear
 G - 6 scrolls of magic mapping
 H - 3 scrolls of identify
 K - a scroll of blinking
 N - a scroll of enchant weapon
Potions
 d - 4 potions of attraction
 f - 5 potions of flight
 g - a potion of might
 h - 3 potions of brilliance
 k - 11 potions of curing
 m - a potion of cancellation
 p - 2 potions of invisibility
 t - 3 potions of lignification
 z - 3 potions of haste
 A - 2 potions of resistance
 D - a potion of berserk rage


   Skills:
 * Level 15.3 Fighting
 + Level 13.6(15.1) Axes
 - Level 11.1(14.0) Maces & Flails
 * Level 15.5 Armour
 - Level 2.1 Dodging
 + Level 5.7 Shields


You had 12 spell levels left.
You didn't know any spells.
Your spell library was empty.

Dungeon Overview and Level Annotations

Branches:
Dungeon (15/15)            Temple (1/1) D:4            Lair (0/6) D:9
    Orc (0/2) D:11         Vaults (0/5) D:14        Ossuary (visited)
Gauntlet (visited)
 Depths: D:15

Altars:
Kikubaaqudgha
Sif Muna
Wu Jian

Shops:
D:9 (


Innate Abilities, Weirdness & Mutations

You have a pair of horns on your head.
You reflexively headbutt those who attack you in melee.
You have sharp toenails.
You possess an exceptional clarity of mind.
You are frail. (-10% HP)
You do not regenerate when monsters are visible.
You are weak. (Str -2)
Your spells are a little harder to cast, but a little more powerful.


Message History

The green ugly thing misses you.
The brown ugly thing basks in the mutagenic energy from its kin and changes!
Unknown command.
You closely miss the green ugly thing.
You claw the green ugly thing, but do no damage.
You headbutt the green ugly thing.
The green ugly thing is almost dead.
The green ugly thing closely misses you.
You furiously retaliate!
You headbutt the green ugly thing, but do no damage.
You hit the green ugly thing but do no damage.
The green ugly thing is severely wounded.
The green ugly thing gores you.
* * * LOW HITPOINT WARNING * * *
Unknown command.
You closely miss the green ugly thing.
The green ugly thing is severely wounded.
You hit the green ugly thing. Your kick misses the green ugly thing.
The green ugly thing is almost dead.
The green ugly thing basks in the mutagenic energy from its kin and changes!
Unknown command.
You barely miss the cyan ugly thing. You headbutt the cyan ugly thing.
The cyan ugly thing is almost dead.
Unknown command.
You thump the cyan ugly thing!
You kill the cyan ugly thing!
Trog accepts your kill.
The green ugly thing basks in the mutagenic energy from its kin and changes!
Things that are here:
a +0 shortbow; 13 arrows Unknown command.
You hit the white ugly thing but do no damage.
Your headbutt misses the white ugly thing.
Unknown command.
You sock the white ugly thing!
The white ugly thing is moderately wounded.
The white ugly thing stings you!
* * * LOW HITPOINT WARNING * * *
The white ugly thing freezes you!!
You feel a terrible chill!
You die...

#...# #.# ##...# #.#
##### .....#####.#
#...##
........)..#####....#
.................####
##........######.#
#........# #.#
#........# #.#
#...<....# #@#
#........######u#####..
#............<.u.......
.....................
..###..........
#.......... #..........
...........
............


You could see 2 ugly things.

Vanquished Creatures
  2 liches (D:14)
  The ghost of Zenkrye the Warrior, a journeyman OgTm of Okawaru (D:14)
  Nessos (D:12)
  The ghost of Neaprir the Warrior, a journeyman MiBe of Trog (D:14)
  A minotaur (Gauntlet)
  A vault guard (D:14)
  A catoblepas (Gauntlet)
  The ghost of rogsnak the Thaumaturge, a journeyman GnWz of Ru (D:14)
  2 hydras
  2 centaur warriors
  A two-headed ogre (D:13)
  A tengu warrior (D:14)
  A wretched star (Gauntlet)
  A skeletal warrior (D:13)
  A wizard (D:14)
  Pikel (D:9)
  8 ugly things
  2 manticores (D:13)
  4 cyclopes
  A gargoyle (D:12)
  3 trolls
  Grinder (D:4)
  3 wraiths
  2 shadows
  A vampire (D:11)
  5 yaks (D:10)
  10 humans (D:14)
  3 chaos spawn (Gauntlet)
  6 vampire mosquitoes (D:12)
  A redback simulacrum (D:14)
  Menkaure (D:4)
  3 neqoxecs (Gauntlet)
  4 water moccasins
  Purgy (D:3)
  3 sky beasts (D:6)
  An ice beast (D:6)
  A necrophage (D:5)
  An orc warrior (D:6)
  5 ogres
  A wolf (D:9)
  2 centaurs
  A kobold brigand (D:6)
  2 gnoll sergeants
  4 bullfrogs
  3 scorpions
  2 water moccasin zombies
  A water moccasin skeleton (D:5)
  6 howler monkeys
  5 wights (D:6)
  2 electric eels (D:9)
  3 jellies
  4 centaur zombies
  3 hounds
  A centaur skeleton (D:7)
  A human zombie (Ossuary)
  3 orc priests
  Crazy Yiuf (D:4)
  7 orc wizards
  3 iguanas
  2 killer bee zombies
  A hound skeleton (D:4)
  4 mummies
  A howler monkey zombie (D:9)
  10 gnolls
  A howler monkey skeleton (D:4)
  6 adders
  A shadow imp (D:6)
  2 white imps
  2 dart slugs
  21 orcs
  4 endoplasms
  3 giant cockroaches
  A gnoll zombie (Ossuary)
  5 goblins
  6 hobgoblins
  4 jackals (D:4)
  10 kobolds
  6 ball pythons
  3 bats
  7 frilled lizards
  2 goblin zombies
  4 hobgoblin zombies (Ossuary)
  3 kobold zombies (Ossuary)
  An orc zombie (D:7)
  4 rats
258 creatures vanquished.

Vanquished Creatures (collateral kills)
  A centaur warrior (D:13)
  2 gargoyles (Gauntlet)
  A wraith (D:13)
4 creatures vanquished.

Vanquished Creatures (others)
  A human (D:14)
  A centaur skeleton (D:6)
2 creatures vanquished.

Grand Total: 264 creatures vanquished

Notes
Turn   | Place    | Note
-------+----------+-------------------------------------------
     0 | D:1      | ytrimaz the Minotaur Berserker began the quest for the Orb.
     0 | D:1      | Reached XP level 1. HP: 19/19 MP: 0/0
   343 | D:1      | Reached XP level 2. HP: 27/27 MP: 1/1
   487 | D:1      | Found a faded altar of an unknown god.
   902 | D:2      | Reached XP level 3. HP: 11/34 MP: 2/2
  1521 | D:2      | Found an ornate altar of the Wu Jian Council.
  1838 | D:3      | Found a shimmering blue altar of Sif Muna.
  1852 | D:3      | Reached XP level 4. HP: 30/41 MP: 3/3
  1859 | D:3      | Reached skill level 5 in Fighting
  1859 | D:3      | Reached skill level 5 in Axes
  2062 | D:3      | Reached ** piety under Trog
  2111 | D:3      | Noticed an ogre
  2120 | D:3      | Killed an ogre
  2121 | D:3      | Reached XP level 5. HP: 17/48 MP: 4/4
  2477 | D:3      | Noticed Purgy
  2483 | D:3      | Killed Purgy
  2484 | D:3      | Reached XP level 6. HP: 56/56 MP: 5/5
  2904 | D:4      | Noticed Grinder
  2927 | D:4      | Killed Grinder
  2928 | D:4      | Reached skill level 5 in Armour
  2928 | D:4      | Reached XP level 7. HP: 40/62 MP: 6/6
  3291 | D:4      | Noticed Menkaure
  3302 | D:4      | Killed Menkaure
  3556 | D:4      | Found a staircase to the Ecumenical Temple.
  3708 | D:4      | Found a runed translucent door.
  3709 | D:4      | Noticed Crazy Yiuf
  4315 | D:4      | Killed Crazy Yiuf
  4401 | Temple   | Entered the Ecumenical Temple
  4419 | D:5      | Entered Level 5 of the Dungeon
  4561 | D:5      | Reached XP level 8. HP: 70/71 MP: 7/7
  6092 | D:6      | Reached *** piety under Trog
  6093 | D:6      | Reached skill level 10 in Axes
  6267 | D:6      | Noticed a troll
  6269 | D:6      | Reached XP level 9. HP: 79/79 MP: 8/8
  6275 | D:6      | Killed a troll
  7071 | D:7      | Found a sand-covered staircase.
  7079 | Ossuary  | Entered an ossuary
  7520 | Ossuary  | Reached **** piety under Trog
  8373 | D:8      | Reached XP level 10. HP: 91/91 MP: 9/9
  8968 | D:9      | Found Ozeam's Antique Weapon Shop.
  8994 | D:9      | Bought a dazzling dire flail for 324 gold pieces
  8994 | D:9      | Identified the +4 dire flail of the Revolution {vamp,
                  | Will+} (You bought it in a shop on level 9 of the Dungeon)
  9015 | D:9      | Found a staircase to the Lair.
  9015 | D:9      | Noticed Pikel
  9040 | D:9      | Killed Pikel
  9041 | D:9      | Reached skill level 1 in Maces & Flails
  9041 | D:9      | Reached skill level 1 in Shields
  9047 | D:9      | Reached skill level 10 in Armour
  9448 | D:10     | Entered Level 10 of the Dungeon
 10020 | D:10     | Reached skill level 5 in Maces & Flails
 10515 | D:9      | Reached skill level 10 in Fighting
 10901 | D:9      | Bought a glowing broad axe for 252 gold pieces
 11174 | D:11     | Found a staircase to the Orcish Mines.
 11759 | D:12     | Noticed a cyan ugly thing
 11769 | D:12     | Killed a cyan ugly thing
 11855 | D:12     | Reached XP level 11. HP: 101/101 MP: 3/10
 11910 | D:12     | Noticed a six-headed hydra
 12530 | D:12     | Noticed Nessos
 12544 | D:12     | Killed Nessos
 12817 | D:12     | Killed a six-headed hydra
 13326 | D:13     | Noticed a skeletal warrior
 13353 | D:13     | Killed a skeletal warrior
 13355 | D:13     | Noticed a centaur warrior
 13360 | D:13     | Killed a centaur warrior
 13445 | D:13     | Noticed a two-headed ogre
 13455 | D:13     | Killed a two-headed ogre
 13726 | D:13     | Noticed a red ugly thing
 13736 | D:13     | Killed a red ugly thing
 13994 | D:13     | You fall into a shaft and drop 1 floor!
 13994 | D:14     | Found a gate leading to a gauntlet.
 14005 | Gauntlet | Entered a Gauntlet
 14005 | Gauntlet | Found a transporter.
 14005 | Gauntlet | Found a runed translucent door.
 14005 | Gauntlet | Found a runed translucent door.
 14012 | Gauntlet | Found a transporter.
 14014 | Gauntlet | Found a transporter.
 14025 | Gauntlet | Found a transporter.
 14028 | Gauntlet | Found a transporter.
 14039 | Gauntlet | Found a transporter.
 14054 | Gauntlet | Noticed a reaper
 14055 | Gauntlet | Found a transporter.
 14065 | Gauntlet | Found the necklace of Bloodlust {*Rage Will++ Int-3 Slay+6}
 14067 | Gauntlet | Found a transporter.
 14074 | Gauntlet | Found a runed translucent door.
 14076 | Gauntlet | Noticed a death yak
 14078 | Gauntlet | Found a transporter.
 14079 | Gauntlet | Noticed a wretched star
 14081 | Gauntlet | Noticed a death yak
 14087 | Gauntlet | Noticed a death yak
 14089 | Gauntlet | Found a transporter.
 14089 | Gauntlet | Noticed a death yak
 14091 | Gauntlet | Noticed a death yak
 14103 | Gauntlet | Found a transporter.
 14116 | Gauntlet | Noticed a catoblepas
 14118 | Gauntlet | Found a transporter.
 14118 | Gauntlet | Found a transporter.
 14157 | Gauntlet | Noticed a necromancer
 14168 | Gauntlet | Found a transporter.
 14404 | Gauntlet | Reached XP level 12. HP: 100/112 MP: 11/11
 14446 | Gauntlet | Killed a catoblepas
 14954 | Gauntlet | Gained mutation: You are clumsy. (Dex -2) [a neqoxec]
 14964 | Gauntlet | Gained mutation: You are dopey. (Int -2) [a neqoxec]
 14986 | Gauntlet | Identified the ring "Inipekot" {Fly Int+2}
 15028 | Gauntlet | Noticed a minotaur
 15040 | Gauntlet | Killed a minotaur
 15051 | Gauntlet | Identified the +3 leather armour "Lulosk" {rPois rF++ Str+3
                  | Int-2}
 15064 | D:14     | Reached skill level 10 in Maces & Flails
 15064 | D:14     | Reached XP level 13. HP: 112/123 MP: 12/12
 15065 | D:14     | Lost mutation: You are clumsy. (Dex -2) [potion of
                  | mutation]
 15065 | D:14     | Lost mutation: You are dopey. (Int -2) [potion of mutation]
 15065 | D:14     | Gained mutation: You are weak. (Str -2) [potion of
                  | mutation]
 15065 | D:14     | Gained mutation: Your body sometimes deteriorates upon
                  | taking damage. [potion of mutation]
 15065 | D:14     | Gained mutation: Your spells are a little harder to cast,
                  | but a little more powerful. [potion of mutation]
 15066 | D:14     | Lost mutation: Your body sometimes deteriorates upon taking
                  | damage. [potion of mutation]
 15066 | D:14     | Gained mutation: You are frail. (-10% HP) [potion of
                  | mutation]
 15066 | D:14     | Gained mutation: You have sharp toenails. [potion of
                  | mutation]
 15066 | D:14     | Gained mutation: You do not regenerate when monsters are
                  | visible. [potion of mutation]
 15066 | D:14     | Gained mutation: You possess an exceptional clarity of
                  | mind. [potion of mutation]
 16073 | D:14     | Found a runed translucent gate.
 16073 | D:14     | Found a runed translucent gate.
 16073 | D:14     | Found a runed translucent gate.
 16076 | D:14     | Found an ancient bone altar of Kikubaaqudgha.
 16076 | D:14     | Noticed a lich
 16076 | D:14     | Noticed Zenkrye's ghost (journeyman OgTm)
 16076 | D:14     | Noticed rogsnak's ghost (journeyman GnWz)
 16077 | D:14     | Noticed a lich
 16077 | D:14     | Noticed Neaprir's ghost (journeyman MiBe)
 16565 | D:14     | Found a gate to the Vaults.
 16768 | D:14     | Killed a lich
 16769 | D:14     | Reached skill level 15 in Armour
 16775 | D:14     | Killed a lich
 16776 | D:14     | Reached skill level 5 in Shields
 16810 | D:14     | Killed Neaprir's ghost
 16841 | D:14     | Killed Zenkrye's ghost
 16859 | D:14     | Killed rogsnak's ghost
 16860 | D:14     | Reached skill level 15 in Fighting
 17110 | D:14     | Identified the -1 pair of gloves of the Butcher {Int+6}
 17115 | D:14     | Identified the ring of Derase {Fire Will+}
 17177 | D:15     | Entered Level 15 of the Dungeon
 17245 | D:15     | Reached ***** piety under Trog
 17264 | D:15     | Mangled by a white ugly thing

Illustrated notes

Levels and vault maps discovered:
D:1:      amcnicky_arrival_choice, layout_loops_ring, basic_ecumenical_altar
D:2:      layout_rooms, basic_altar
D:3:      layout_basic, kennysheep_orc_sif_temple, uniq_purgy
D:4:      layout_loops_cross, minmay_temple_entry_mini_moons, uniq_grinder,
          uniq_menkaure, uniq_crazy_yiuf_cottage
D:5:      layout_basic, supply_closet_lemuel, due_unseen_surprise
D:6:      minmay_angry_zag, layout_gridville
D:7:      layout_basic, nicolae_ossuary_entry_giza
D:8:      layout_basic
D:9:      layout_roguey, erik_lair_island, serial_shops, shop, uniq_pikel
D:10:     layout_irregular_city, serial_rivers, chequers_serial_rivers_small_3,
          chequers_serial_rivers_room_b, chequers_serial_rivers_micro_a,
          chequers_serial_rivers_room_a
D:11:     layout_loops_ring, orc_0_dummy
D:12:     layout_irregular_city, uniq_nessos
D:13:     layout_grid_maze, minmay_hollow_rounded_squares
D:14:     layout_roguey, ximxim_vaults_locker_room, serial_glass,
          glass_columns_c, glass_columns_a, glass_columns_a, glass_columns_a,
          glass_columns_a, hangedman_abyss_or_decor_jellyfish_corner,
          gammafunk_ghost_crypt, gauntlet_entry_generic
D:15:     gammafunk_enter_depths_forms, layout_small_grid, uniq_josephine
Temple:   kilobyte_greek_temple

Skill      XL: |  1  2  3  4  5  6  7  8  9 10 11 12 13 |
---------------+----------------------------------------+-----
Fighting       | 4 5 6 7 9 10 12 13 15 | 15.3
Axes           | 4 5 6 8 10 12 13 | 13.6
Armour         | 3 4 5 6 8 9 10 12 14 15 | 15.5
Maces & Flails | 6 8 10 11 | 11.1
Shields        | 2 4 5 |  5.7
Dodging        | |  2.1

Action                   |  1- 3 |  4- 6 |  7- 9 | 10-12 | 13-15 || total
-------------------------+-------+-------+-------+-------+-------++-------
Melee: Hand axe          |    81 |    51 |     1 |       |       ||   133
       Headbutt          |    12 |    10 |    62 |    83 |    46 ||   213
       War axe           |       |       |   272 |    14 |       ||   286
       Dire flail        |       |       |       |   206 |    86 ||   292
       Broad axe         |       |       |       |    89 |       ||    89
       Mace              |       |       |       |       |   112 ||   112
       Kick              |       |       |       |       |    71 ||    71
Throw: Throwing net      |       |       |     1 |       |       ||     1
Invok: Berserk           |       |     3 |     4 |     6 |     3 ||    16
       Brothers in Arms  |       |       |       |     2 |       ||     2
  Use: Scroll            |     2 |       |     9 |     9 |     1 ||    21
       Potion            |       |     2 |       |     9 |     6 ||    17
 Stab: Distracted        |       |       |     1 |       |       ||     1
       Held in net/web   |       |       |     1 |       |       ||     1
Armor: Animal skin       |     3 |       |       |       |       ||     3
       Ring mail         |    25 |     6 |       |       |       ||    31
       Scale mail        |       |    15 |    56 |       |       ||    71
       Fire dragon scale |       |       |     3 |   110 |    76 ||   189
Dodge: Dodged            |    38 |    30 |   159 |   233 |    89 ||   549
Block: Other             |       |       |    18 |    75 |    36 ||   129
       Reflection        |       |       |       |     1 |       ||     1

Table legend: (Time is in decaauts)
 A = Elapsed time spent in this place.
 B = Non-inter-level travel time spent in this place.
 C = Inter-level travel time spent in this place.
 D = Time resting spent in this place.
 E = Time spent auto-exploring this place.
 F = Levels seen in this place.
 G = Mean time per level.
                   A        B        C        D        E       F      G
               +--------+--------+--------+--------+--------+-----+--------+
         Total |  17271 |  16746 |    525 |   3104 |  10770 |  18 |  959.5 |
       Dungeon |  15739 |  15215 |    524 |   2589 |  10365 |  15 | 1049.3 |
        Temple |      1 |      0 |      1 |      0 |      0 |   1 |    1.0 |
       Ossuary |    513 |    513 |      0 |     66 |    192 |   1 |  513.0 |
      Gauntlet |   1017 |   1017 |      0 |    449 |    213 |   1 | 1017.0 |
               +--------+--------+--------+--------+--------+-----+--------+

Top non-repeatable levels by time:
    D:14: 2104 daAuts
     D:4: 1572 daAuts
    D:12: 1374 daAuts
     D:6: 1211 daAuts
     D:3: 1208 daAuts
     D:5: 1155 daAuts
    D:10: 1067 daAuts
     D:9: 1034 daAuts
Gauntlet: 1017 daAuts
    D:11: 974 daAuts
     D:8: 945 daAuts
     D:1: 889 daAuts
     D:2: 801 daAuts
    D:13: 706 daAuts
     D:7: 618 daAuts
